Senateurs vs Stars
Created - April 5, 2020 at 19:03
Goals
|
Senateurs |
2 |
0 |
2 |
4 |
Stars |
1 |
3 |
3 |
7 |
|
Shots
|
Senateurs |
16 |
7 |
13 |
36 |
Stars |
11 |
11 |
13 |
35 |
|
1st period
1. Senateurs , Evgeni Malkin 28 (Colby Armstrong 20, Cody Franson 30) at 2:55
2. Senateurs , Sidney Crosby 48 (Jamie Benn 31, Phil Kessel 48) at 10:11 (PP)
3. Stars , Cory Emmerton 10 (Brian Lee 31, Ian White 30) at 13:25
Penalties :
Cory Schneider (Dal) for Delaying the game (Minor) at 9:26 - Michael Grabner served the penalty
2nd period
4. Stars , John Tavares 29 (Michael Grabner 29) at 0:23
5. Stars , Lasse Kukkonen 1 (John Tavares 58, Guillaume Latendresse 36) at 1:43 (PP)
6. Stars , Jussi Jokinen 28 (Alex Chiasson 16, Johnny Oduya 10) at 11:36
Penalties :
Cody Franson (Ott) for High sticking (Minor) at 0:38, Andrej Sustr (Dal) for Hooking (Minor) at 7:08, Carlo Colaiacovo (Ott) for Hooking (Minor) at 13:14, Boris Valabik (Dal) for Holding (Minor) at 13:54
3rd period
7. Stars , Antoine Vermette 13 (Johnny Oduya 11, Jussi Jokinen 27) at 3:08
8. Stars , John Tavares 30 (Guillaume Latendresse 37, Michael Grabner 30) at 4:41
9. Senateurs , Radim Vrbata 8 (Daniel Briere 19, Sergei Kostitsyn 12) at 12:15
10. Stars , John Tavares 31 (Ian White 31, Michael Grabner 31) at 13:17 (PP)
11. Senateurs , Ryan Hollweg 6 (Evgeni Malkin 46, Nate Prosser 14) at 15:46
Penalties :
Boris Valabik (Dal) for Hooking (Minor) at 5:11, Ryan Hollweg (Ott) for Interference (Minor) at 9:14, Jamie Benn (Ott) for Tripping (Minor) at 12:22, Colby Armstrong (Ott) for Holding (Minor) at 13:36
Goalie Stats
Ondrej Pavelec (Ott), 14 saves from 17 shots - (0.824), L, 28-18-6, 28:24 minutes
Roberto Luongo (Ott), 14 saves from 18 shots - (0.778), 31:36 minutes
Cory Schneider (Dal), 32 saves from 36 shots - (0.889), W, 35-16-3, 60:00 minutes
Players Stats for Senateurs
Player Name G A P +/- PIM S H SB GA TA FO MP PP MP PK MP
------------------------------------------------------------------------------------
Carlo Colaiacovo 0 0 0 -1 2 1 0 1 0 0 0/0 12:13 0:13 0:54
Cody Franson 0 1 1 -1 2 1 3 5 2 0 0/0 29:24 3:22 4:06
Colby Armstrong 0 1 1 -1 2 2 0 1 0 1 1/2 15:52 2:17 0:00
Daniel Briere 0 1 1 -1 0 3 0 0 0 1 4/8 12:05 0:13 1:24
Daniel Sedin 0 0 0 -1 0 2 3 1 0 0 1/2 15:52 2:17 0:00
Dion Phaneuf 0 0 0 -1 0 1 1 0 1 0 0/0 30:19 3:22 5:00
Duncan Keith 0 0 0 0 0 2 2 2 0 0 0/0 18:34 2:01 1:38
Evgeni Malkin 1 1 2 -1 0 3 2 1 3 0 9/21 20:57 2:17 4:21
Jamie Benn 0 1 1 -1 2 5 1 0 0 0 1/2 20:54 2:53 1:04
Mark Giordano 0 0 0 -1 0 1 0 0 0 0 0/0 11:07 0:00 0:00
Michel Ouellet 0 0 0 1 0 1 3 0 0 0 0/0 5:55 0:00 0:00
Nate Prosser 0 1 1 0 0 1 0 1 0 0 0/0 18:34 2:01 1:38
Phil Kessel 0 1 1 -1 0 5 1 1 0 1 1/3 21:35 3:06 1:13
Radim Vrbata 1 0 1 -1 0 1 1 0 0 0 0/0 11:03 0:00 0:53
Ryan Hollweg 1 0 1 1 2 1 0 1 0 0 0/1 6:14 0:00 0:00
Sergei Kostitsyn 0 1 1 -1 0 0 1 0 0 0 0/0 10:29 0:00 0:00
Sidney Crosby 1 0 1 -1 0 5 2 0 1 0 20/42 24:56 2:53 4:21
Stephane Da Costa 0 0 0 1 0 1 0 0 1 0 0/0 5:55 0:00 0:00
Players Stats for Stars
Player Name G A P +/- PIM S H SB GA TA FO MP PP MP PK MP
------------------------------------------------------------------------------------
Alex Chiasson 0 1 1 2 0 5 1 0 0 0 1/1 15:24 2:40 0:00
Alexander Frolov 0 0 0 -1 0 0 2 0 0 1 0/1 12:29 0:02 1:05
Andrej Sustr 0 0 0 2 2 1 1 0 0 0 0/0 13:07 0:00 0:58
Antoine Vermette 1 0 1 2 0 3 1 0 1 0 9/19 17:09 2:40 1:28
B.J. Crombeen 0 0 0 -1 0 1 0 1 0 0 0/0 10:48 0:02 0:00
Boris Valabik 0 0 0 -1 4 1 0 1 0 1 0/0 17:19 2:36 0:53
Brian Lee 0 1 1 1 0 5 2 2 0 3 0/0 29:07 4:01 3:17
Cam Atkinson 0 0 0 0 0 0 0 0 0 0 0/0 5:59 0:00 0:00
Cory Emmerton 1 0 1 0 0 2 0 0 1 0 3/7 12:04 0:00 1:07
Evgeny Grachev 0 0 0 0 0 0 0 0 0 0 1/5 5:59 0:00 0:00
Guillaume Latendresse 0 2 2 1 0 5 3 0 0 0 1/2 24:24 3:56 2:51
Ian White 0 2 2 1 0 2 0 0 1 2 0/0 29:34 4:01 3:16
John Tavares 3 1 4 1 0 7 0 2 0 0 29/44 24:31 3:56 2:54
Johnny Oduya 0 2 2 2 0 0 0 0 0 0 0/0 13:14 0:00 0:15
Jussi Jokinen 1 1 2 2 0 1 0 0 0 0 0/0 16:50 2:40 1:09
Lasse Kukkonen 1 0 1 -1 0 1 1 2 0 0 0/0 18:30 2:37 2:07
Michael Grabner 0 3 3 1 0 1 1 0 0 1 0/2 20:13 3:56 0:00
Ted Purcell 0 0 0 -1 0 0 0 0 0 0 0/0 6:34 0:02 0:12
3 Stars
1 - John Tavares (Dal)
2 - Jussi Jokinen (Dal)
3 - Michael Grabner (Dal)
Power Play
Senateurs - 1 on 4 Attempt(s) - 25.00%
Stars - 2 on 5 Attempt(s) - 40.00%
Penalty Kill
Senateurs - 3 on 5 Attempt(s) - 60.00%
- Score 0 goal in Penalty Kill
Stars - 3 on 4 Attempt(s) - 75.00%
- Score 0 goal in Penalty Kill
Team Stat
Senateurs - Hits : 20 - Faceoff Wins : 37 - Blocked Shots : 14 - Penalty Minutes : 10
Stars - Hits : 12 - Faceoff Wins : 44 - Blocked Shots : 8 - Penalty Minutes : 8
Official
Referees : Unknown
Linesman : Unknown
Game Notes
Ondrej Pavelec enters game at 11:36 of 2nd period
John Tavares has scored a Hat Trick!
Finance
Level 1 -- Attendance: 5939 (98.98%) -- Ticket Income $623,595
Level 2 -- Attendance: 5000 (100.00%) -- Ticket Income $330,000
Level 3 -- Attendance: 1886 (94.30%) -- Ticket Income $71,668
Level 4 -- Attendance: 3235 (80.88%) -- Ticket Income $97,050
Luxury Box -- Attendance: 1000 (100.00%) -- Ticket Income $185,000
Game was played at the American Airlines Center.
Total Attendance: 17060 (94.78%)
Total Ticket Income: $1,307,313
Other Income: $196,097
Total Income: $1,503,410
Senateurs
5 vs 5 Forward
Center Left Wing Right Wing Time % Phy DF OF
1 Sidney Crosby Jamie Benn Phil Kessel 40 1 2 2
2 Evgeni Malkin Daniel Sedin Colby Armstrong 30 1 2 2
3 Daniel Briere Sergei Kostitsyn Radim Vrbata 20 1 2 2
4 Stephane Da Costa Ryan Hollweg Michel Ouellet 10 1 2 2
5 vs 5 Defense
Defense Defense Time % Phy DF OF
1 Dion Phaneuf Cody Franson 40 1 2 2
2 Duncan Keith Nate Prosser 30 1 2 2
3 Mark Giordano Carlo Colaiacovo 20 1 2 2
4 Dion Phaneuf Cody Franson 10 1 2 2
PowerPlay Forward
Center Left Wing Right Wing Time % Phy DF OF
1 Sidney Crosby Jamie Benn Phil Kessel 60 1 2 2
2 Evgeni Malkin Daniel Sedin Colby Armstrong 40 1 2 2
PowerPlay Defense
Defense Defense Time % Phy DF OF
1 Dion Phaneuf Cody Franson 60 1 2 2
2 Duncan Keith Nate Prosser 40 1 2 2
Penalty Kill 4 Players Forward
Center Wing Time % Phy DF OF
1 Sidney Crosby Evgeni Malkin 60 1 2 2
2 Phil Kessel Daniel Briere 40 1 2 2
Penalty Kill 4 Players Defense
Defense Defense Time % Phy DF OF
1 Dion Phaneuf Cody Franson 60 1 2 2
2 Duncan Keith Nate Prosser 40 1 2 2
Penalty Kill - 3 Players Forward
Forward Time % Phy DF OF
1 Sidney Crosby 60 1 2 2
2 Evgeni Malkin 40 1 2 2
Penalty Kill - 3 Players Defense
Defense Defense Time % Phy DF OF
1 Dion Phaneuf Cody Franson 60 1 2 2
2 Duncan Keith Nate Prosser 40 1 2 2
4 vs 4 Forward
Center Wing Time % Phy DF OF
1 Sidney Crosby Evgeni Malkin 60 1 2 2
2 Phil Kessel Daniel Briere 40 1 2 2
4 vs 4 Defense
Defense Defense Time % Phy DF OF
1 Dion Phaneuf Cody Franson 60 1 2 2
2 Duncan Keith Nate Prosser 40 1 2 2
Last Minutes Offensive
Center Left Wing Right Wing Defense Defense
Sidney Crosby Jamie Benn Phil Kessel Dion Phaneuf Cody Franson
Last Minutes Defensive
Center Left Wing Right Wing Defense Defense
Sidney Crosby Jamie Benn Phil Kessel Dion Phaneuf Cody Franson
Goaltenders
Starting : Roberto Luongo
Backup : Ondrej Pavelec
Extra Forwards
Normal : Sergei Kostitsyn, Ryan Hollweg, Radim Vrbata - PP : Sergei Kostitsyn, Ryan Hollweg - PK : Radim Vrbata
Extra Defensemen
Normal : Mark Giordano, Carlo Colaiacovo, Duncan Keith - PP : Mark Giordano - PK : Carlo Colaiacovo, Duncan Keith
Penalty Shots
Sidney Crosby, Evgeni Malkin, Phil Kessel, Daniel Briere, Jamie Benn
Scratches
Arturs Kulda (Healthy)
Stars
5 vs 5 Forward
Center Left Wing Right Wing Time % Phy DF OF
1 John Tavares Guillaume Latendresse Michael Grabner 40 1 2 2
2 Antoine Vermette Jussi Jokinen Alex Chiasson 30 1 2 2
3 Cory Emmerton Alexander Frolov B.J. Crombeen 20 1 2 2
4 Evgeny Grachev Ted Purcell Cam Atkinson 10 1 2 2
5 vs 5 Defense
Defense Defense Time % Phy DF OF
1 Ian White Brian Lee 40 1 2 2
2 Boris Valabik Lasse Kukkonen 30 1 2 2
3 Johnny Oduya Andrej Sustr 20 1 2 2
4 Ian White Brian Lee 10 1 2 2
PowerPlay Forward
Center Left Wing Right Wing Time % Phy DF OF
1 John Tavares Guillaume Latendresse Michael Grabner 60 0 2 3
2 Antoine Vermette Jussi Jokinen Alex Chiasson 40 0 2 3
PowerPlay Defense
Defense Defense Time % Phy DF OF
1 Ian White Brian Lee 60 0 2 3
2 Boris Valabik Lasse Kukkonen 40 0 2 3
Penalty Kill 4 Players Forward
Center Wing Time % Phy DF OF
1 John Tavares Guillaume Latendresse 60 0 3 2
2 Jussi Jokinen Antoine Vermette 40 0 3 2
Penalty Kill 4 Players Defense
Defense Defense Time % Phy DF OF
1 Ian White Brian Lee 60 0 3 2
2 Boris Valabik Lasse Kukkonen 40 0 3 2
Penalty Kill - 3 Players Forward
Forward Time % Phy DF OF
1 John Tavares 60 0 3 2
2 Guillaume Latendresse 40 0 3 2
Penalty Kill - 3 Players Defense
Defense Defense Time % Phy DF OF
1 Ian White Brian Lee 60 0 3 2
2 Boris Valabik Lasse Kukkonen 40 0 3 2
4 vs 4 Forward
Center Wing Time % Phy DF OF
1 John Tavares Guillaume Latendresse 60 1 2 2
2 Jussi Jokinen Antoine Vermette 40 1 2 2
4 vs 4 Defense
Defense Defense Time % Phy DF OF
1 Ian White Brian Lee 60 1 2 2
2 Boris Valabik Lasse Kukkonen 40 1 2 2
Last Minutes Offensive
Center Left Wing Right Wing Defense Defense
John Tavares Guillaume Latendresse Michael Grabner Ian White Brian Lee
Last Minutes Defensive
Center Left Wing Right Wing Defense Defense
John Tavares Guillaume Latendresse Michael Grabner Ian White Brian Lee
Goaltenders
Starting : Cory Schneider
Backup : Brian Elliott
Extra Forwards
Normal : Alexander Frolov, Ted Purcell, Cory Emmerton - PP : Alexander Frolov, Ted Purcell - PK : Cory Emmerton
Extra Defensemen
Normal : Johnny Oduya, Andrej Sustr, Boris Valabik - PP : Johnny Oduya - PK : Andrej Sustr, Boris Valabik
Penalty Shots
John Tavares, Guillaume Latendresse, Jussi Jokinen, Antoine Vermette, Alexander Frolov
Scratches
Lee Stempniak (Healthy), Niklas Hjalmarsson (Back Spasms Injury), Brian Flynn (Healthy), Shawn Matthias (Healthy)
% Time on Ice - Senateurs
Lines # - Real PCT - Wanted PCT - Time Play
Normal Forward
1 - 36% - 40% - 16:59
2 - 29% - 30% - 13:36
3 - 22% - 20% - 10:10
4 - 13% - 10% - 5:55
Normal Defense
1 - 40% - 40% - 18:37
2 - 31% - 30% - 14:32
3 - 24% - 20% - 11:07
4 - 5% - 10% - 2:24
PP Forward
1 - 54% - 60% - 2:53
2 - 46% - 40% - 2:30
PP Defense
1 - 63% - 60% - 3:22
2 - 37% - 40% - 2:01
PK Forward
1 - 82% - 60% - 5:25
2 - 18% - 40% - 1:13
PK Defense
1 - 75% - 60% - 5:00
2 - 25% - 40% - 1:38
PK3 Forward
1 - 0% - 60%
2 - 0% - 40%
PK3 Defense
1 - 0% - 60%
2 - 0% - 40%
44 Forward
1 - 78% - 60% - 1:02
2 - 22% - 40% - 0:17
44 Defense
1 - 71% - 60% - 0:56
2 - 29% - 40% - 0:23
Last Minute Offensive - 0:00
Last Minute Defensive - 0:00
Total
Forward - 60:00
Defense - 60:00
|
% Time on Ice - Stars
Lines # - Real PCT - Wanted PCT - Time Play
Normal Forward
1 - 37% - 40% - 17:22
2 - 27% - 30% - 12:44
3 - 23% - 20% - 10:35
4 - 13% - 10% - 5:59
Normal Defense
1 - 41% - 40% - 19:11
2 - 29% - 30% - 13:29
3 - 26% - 20% - 11:56
4 - 4% - 10% - 2:04
PP Forward
1 - 60% - 60% - 3:58
2 - 40% - 40% - 2:40
PP Defense
1 - 61% - 60% - 4:01
2 - 39% - 40% - 2:37
PK Forward
1 - 79% - 60% - 4:14
2 - 21% - 40% - 1:09
PK Defense
1 - 56% - 60% - 3:01
2 - 44% - 40% - 2:22
PK3 Forward
1 - 0% - 60%
2 - 0% - 40%
PK3 Defense
1 - 0% - 60%
2 - 0% - 40%
44 Forward
1 - 78% - 60% - 1:02
2 - 22% - 40% - 0:17
44 Defense
1 - 43% - 60% - 0:34
2 - 57% - 40% - 0:45
Last Minute Offensive - 0:00
Last Minute Defensive - 0:00
Total
Forward - 60:00
Defense - 60:00
|
Play-by-Play
1st period
0:01 of 1st period - Sidney Crosby wins face-off versus John Tavares in neutral zone.
0:47 of 1st period - Snap shot by Cody Franson.
0:47 of 1st period - Deflect By Radim Vrbata.
0:47 of 1st period - Shot Misses the Net.
0:47 of 1st period - Puck is out of play.
0:48 of 1st period - Daniel Briere wins face-off versus Cory Emmerton in Stars zone.
1:19 of 1st period - Snap shot by John Tavares.
1:19 of 1st period - Stopped by Roberto Luongo with a rebound.
1:25 of 1st period - John Tavares is hit by Michel Ouellet and loses puck.
2:12 of 1st period - Snap shot by Sidney Crosby.
2:12 of 1st period - Shot Misses the Net.
2:14 of 1st period - Snap shot by Jamie Benn.
2:14 of 1st period - Stopped by Cory Schneider with a rebound.
2:24 of 1st period - Snap shot by Jamie Benn.
2:24 of 1st period - Stopped by Cory Schneider with a rebound.
2:26 of 1st period - Slapshot by Mark Giordano.
2:26 of 1st period - Stopped by Cory Schneider with a rebound.
2:28 of 1st period - Wrist shot by Phil Kessel.
2:28 of 1st period - Stopped by Cory Schneider without a rebound.
2:29 of 1st period - John Tavares wins face-off versus Evgeni Malkin in Stars zone.
2:29 of 1st period - John Tavares is hit by Cody Franson.
2:39 of 1st period - Off-side.
2:40 of 1st period - Evgeni Malkin wins face-off versus Michael Grabner in neutral zone.
2:43 of 1st period - Slapshot by Dion Phaneuf.
2:43 of 1st period - Shot Misses the Net.
2:55 of 1st period - Snap shot by Evgeni Malkin.
2:55 of 1st period - Goal by Evgeni Malkin - Senateurs : 1 - Stars : 0.
2:56 of 1st period - Daniel Briere wins face-off versus Cory Emmerton in neutral zone.
3:47 of 1st period - Wrist shot by Brian Lee.
3:47 of 1st period - Stopped by Roberto Luongo with a rebound.
4:41 of 1st period - Icing by Johnny Oduya.
4:42 of 1st period - Colby Armstrong wins face-off versus Alexander Frolov in Stars zone.
4:55 of 1st period - Snap shot by Daniel Sedin.
4:55 of 1st period - Shot Blocked by B.J. Crombeen.
5:14 of 1st period - Off-side.
5:15 of 1st period - John Tavares wins face-off versus Sidney Crosby in neutral zone.
5:40 of 1st period - Icing by John Tavares.
5:41 of 1st period - Evgeni Malkin wins face-off versus Antoine Vermette in Stars zone.
5:42 of 1st period - Snap shot by Colby Armstrong.
5:42 of 1st period - Shot Misses the Net.
5:56 of 1st period - Backhand shot by Jussi Jokinen.
5:56 of 1st period - Shot Blocked by Duncan Keith.
5:58 of 1st period - Snap shot by Alex Chiasson.
5:58 of 1st period - Shot Blocked by Nate Prosser.
6:20 of 1st period - Brian Lee is hit by Radim Vrbata and loses puck.
7:05 of 1st period - Slapshot by Phil Kessel.
7:05 of 1st period - Shot Misses the Net.
7:41 of 1st period - Wrist shot by Michael Grabner.
7:41 of 1st period - Stopped by Roberto Luongo without a rebound.
7:42 of 1st period - John Tavares wins face-off versus Sidney Crosby in Senateurs zone.
7:57 of 1st period - Slapshot by Guillaume Latendresse.
7:57 of 1st period - Deflect By John Tavares.
7:57 of 1st period - Shot Misses the Net.
7:57 of 1st period - Puck is out of play.
7:58 of 1st period - Evgeni Malkin wins face-off versus Antoine Vermette in Senateurs zone.
8:28 of 1st period - Icing by Phil Kessel.
8:29 of 1st period - John Tavares wins face-off versus Sidney Crosby in Senateurs zone.
8:44 of 1st period - Snap shot by Phil Kessel.
8:44 of 1st period - Stopped by Cory Schneider with a rebound.
8:46 of 1st period - Snap shot by Jamie Benn.
8:46 of 1st period - Stopped by Cory Schneider without a rebound.
8:47 of 1st period - Alex Chiasson wins face-off versus Evgeni Malkin in Stars zone.
8:53 of 1st period - Icing by Antoine Vermette.
8:54 of 1st period - Evgeni Malkin wins face-off versus Antoine Vermette in Stars zone.
9:16 of 1st period - Icing by Ian White.
9:17 of 1st period - Antoine Vermette wins face-off versus Sidney Crosby in Stars zone.
9:24 of 1st period - Snap shot by Phil Kessel.
9:24 of 1st period - Stopped by Cory Schneider with a rebound.
9:26 of 1st period - Wrist shot by Sidney Crosby.
9:26 of 1st period - Stopped by Cory Schneider without a rebound.
9:26 of 1st period - Minor Penalty to Cory Schneider for Delaying the game.
9:27 of 1st period - John Tavares wins face-off versus Sidney Crosby in Stars zone.
9:36 of 1st period - John Tavares is hit by Sidney Crosby and loses puck.
9:41 of 1st period - Wrist shot by Phil Kessel.
9:41 of 1st period - Deflect By Sidney Crosby.
9:41 of 1st period - Stopped by Cory Schneider without a rebound.
9:42 of 1st period - John Tavares wins face-off versus Sidney Crosby in Stars zone.
9:53 of 1st period - Slapshot by John Tavares.
9:53 of 1st period - Stopped by Roberto Luongo without a rebound.
9:54 of 1st period - Sidney Crosby wins face-off versus John Tavares in Senateurs zone.
10:11 of 1st period - Snap shot by Sidney Crosby.
10:11 of 1st period - Goal by Sidney Crosby - Senateurs : 2 - Stars : 0.
10:12 of 1st period - Sidney Crosby wins face-off versus John Tavares in neutral zone.
10:15 of 1st period - Slapshot by Phil Kessel.
10:15 of 1st period - Shot Blocked by Lasse Kukkonen.
10:17 of 1st period - Snap shot by Sidney Crosby.
10:17 of 1st period - Shot Misses the Net.
10:44 of 1st period - Snap shot by Daniel Briere.
10:44 of 1st period - Stopped by Cory Schneider without a rebound.
10:45 of 1st period - Evgeni Malkin wins face-off versus Cory Emmerton in Stars zone.
11:17 of 1st period - Slapshot by Jamie Benn.
11:17 of 1st period - Stopped by Cory Schneider without a rebound.
11:18 of 1st period - Sidney Crosby wins face-off versus Antoine Vermette in Stars zone.
11:45 of 1st period - Daniel Briere is hit by Guillaume Latendresse and loses puck.
11:56 of 1st period - Slapshot by Brian Lee.
11:56 of 1st period - Stopped by Roberto Luongo without a rebound.
11:57 of 1st period - Sidney Crosby wins face-off versus Evgeny Grachev in Senateurs zone.
12:05 of 1st period - Off-side.
12:06 of 1st period - Sidney Crosby wins face-off versus Evgeny Grachev in neutral zone.
12:23 of 1st period - Slapshot by Ian White.
12:23 of 1st period - Stopped by Roberto Luongo with a rebound.
12:27 of 1st period - Wrist shot by Ted Purcell.
12:27 of 1st period - Deflect By Cam Atkinson.
12:27 of 1st period - Shot Blocked by Phil Kessel.
12:27 of 1st period - Puck is out of play.
12:28 of 1st period - John Tavares wins face-off versus Evgeni Malkin in Senateurs zone.
12:37 of 1st period - Snap shot by John Tavares.
12:37 of 1st period - Shot Blocked by Cody Franson.
12:39 of 1st period - Slapshot by Michael Grabner.
12:39 of 1st period - Shot Misses the Net.
12:41 of 1st period - Snap shot by Guillaume Latendresse.
12:41 of 1st period - Stopped by Roberto Luongo with a rebound.
12:55 of 1st period - Cody Franson is hit by Alex Chiasson and loses puck.
13:00 of 1st period - Snap shot by Jussi Jokinen.
13:00 of 1st period - Shot Misses the Net.
13:02 of 1st period - Slapshot by Alex Chiasson.
13:02 of 1st period - Deflect By Antoine Vermette.
13:02 of 1st period - Shot Misses the Net.
13:02 of 1st period - Puck is out of play.
13:03 of 1st period - Daniel Briere wins face-off versus Cory Emmerton in Senateurs zone.
13:03 of 1st period - Daniel Briere is hit by Alexander Frolov.
13:09 of 1st period - Snap shot by Duncan Keith.
13:09 of 1st period - Stopped by Cory Schneider without a rebound.
13:10 of 1st period - Cory Emmerton wins face-off versus Daniel Briere in Stars zone.
13:25 of 1st period - Slapshot by Brian Lee.
13:25 of 1st period - Deflect By Cory Emmerton.
13:25 of 1st period - Goal by Cory Emmerton - Senateurs : 2 - Stars : 1.
13:26 of 1st period - John Tavares wins face-off versus Sidney Crosby in neutral zone.
13:29 of 1st period - Snap shot by Guillaume Latendresse.
13:29 of 1st period - Shot Misses the Net.
13:58 of 1st period - Wrist shot by Daniel Sedin.
13:58 of 1st period - Shot Misses the Net.
14:38 of 1st period - Cam Atkinson is hit by Duncan Keith and loses puck.
14:45 of 1st period - Nate Prosser is hit by Lasse Kukkonen and loses puck.
15:19 of 1st period - Snap shot by Jussi Jokinen.
15:19 of 1st period - Deflect By Alex Chiasson.
15:19 of 1st period - Shot Blocked by Daniel Sedin.
15:19 of 1st period - Puck is out of play.
15:20 of 1st period - Antoine Vermette wins face-off versus Evgeni Malkin in Senateurs zone.
15:25 of 1st period - Wrist shot by Jussi Jokinen.
15:25 of 1st period - Shot Misses the Net.
15:27 of 1st period - Snap shot by Jussi Jokinen.
15:27 of 1st period - Shot Blocked by Cody Franson.
15:29 of 1st period - Snap shot by Alex Chiasson.
15:29 of 1st period - Stopped by Roberto Luongo with a rebound.
15:35 of 1st period - Snap shot by Jussi Jokinen.
15:35 of 1st period - Shot Misses the Net.
15:43 of 1st period - Slapshot by Jussi Jokinen.
15:43 of 1st period - Shot Misses the Net.
15:45 of 1st period - Slapshot by Alex Chiasson.
15:45 of 1st period - Shot Misses the Net.
15:47 of 1st period - Snap shot by Jussi Jokinen.
15:47 of 1st period - Shot Misses the Net.
16:19 of 1st period - Wrist shot by Antoine Vermette.
16:19 of 1st period - Stopped by Roberto Luongo without a rebound.
16:20 of 1st period - John Tavares wins face-off versus Sidney Crosby in Senateurs zone.
16:49 of 1st period - Snap shot by Daniel Briere.
16:49 of 1st period - Stopped by Cory Schneider without a rebound.
16:50 of 1st period - Cory Emmerton wins face-off versus Daniel Briere in Stars zone.
17:15 of 1st period - John Tavares is hit by Jamie Benn and loses puck.
17:24 of 1st period - Wrist shot by Phil Kessel.
17:24 of 1st period - Stopped by Cory Schneider without a rebound.
17:25 of 1st period - Sidney Crosby wins face-off versus Antoine Vermette in Stars zone.
17:38 of 1st period - Wrist shot by Alex Chiasson.
17:38 of 1st period - Shot Misses the Net.
17:40 of 1st period - Snap shot by Brian Lee.
17:40 of 1st period - Deflect By Sidney Crosby.
17:40 of 1st period - Stopped by Roberto Luongo with a rebound.
18:16 of 1st period - Alexander Frolov is hit by Daniel Sedin and loses puck.
18:22 of 1st period - Off-side.
18:23 of 1st period - Sidney Crosby wins face-off versus Antoine Vermette in neutral zone.
18:50 of 1st period - Guillaume Latendresse is hit by Sergei Kostitsyn and loses puck.
19:39 of 1st period - Backhand shot by B.J. Crombeen.
19:39 of 1st period - Shot Misses the Net.
Goals for this period are 2 for Senateurs vs 1 for Stars.
Shots for this period are 16 for Senateurs vs 11 for Stars.
2nd period
0:01 of 2nd period - Phil Kessel wins face-off versus John Tavares in neutral zone.
0:07 of 2nd period - Icing by Brian Lee.
0:08 of 2nd period - John Tavares wins face-off versus Sidney Crosby in Stars zone.
0:08 of 2nd period - John Tavares is hit by Phil Kessel.
0:11 of 2nd period - Icing by Michael Grabner.
0:12 of 2nd period - John Tavares wins face-off versus Phil Kessel in Stars zone.
0:23 of 2nd period - Snap shot by John Tavares.
0:23 of 2nd period - Goal by John Tavares - Senateurs : 2 - Stars : 2.
0:24 of 2nd period - Jamie Benn wins face-off versus John Tavares in neutral zone.
0:38 of 2nd period - Minor Penalty to Cody Franson for High sticking.
0:39 of 2nd period - Sidney Crosby wins face-off versus John Tavares in Senateurs zone.
1:07 of 2nd period - Snap shot by Brian Lee.
1:07 of 2nd period - Shot Blocked by Evgeni Malkin.
1:13 of 2nd period - Wrist shot by Alex Chiasson.
1:13 of 2nd period - Stopped by Roberto Luongo with a rebound.
1:15 of 2nd period - Slapshot by Antoine Vermette.
1:15 of 2nd period - Stopped by Roberto Luongo with a rebound.
1:17 of 2nd period - Snap shot by Alex Chiasson.
1:17 of 2nd period - Stopped by Roberto Luongo with a rebound.
1:19 of 2nd period - Snap shot by Alex Chiasson.
1:19 of 2nd period - Deflect By Jussi Jokinen.
1:19 of 2nd period - Shot Misses the Net.
1:19 of 2nd period - Puck is out of play.
1:20 of 2nd period - Sidney Crosby wins face-off versus John Tavares in Senateurs zone.
1:30 of 2nd period - Icing by Michael Grabner.
1:31 of 2nd period - Guillaume Latendresse wins face-off versus Phil Kessel in Stars zone.
1:31 of 2nd period - Guillaume Latendresse is hit by Dion Phaneuf.
1:41 of 2nd period - Snap shot by John Tavares.
1:41 of 2nd period - Shot Misses the Net.
1:43 of 2nd period - Slapshot by Lasse Kukkonen.
1:43 of 2nd period - Goal by Lasse Kukkonen - Senateurs : 2 - Stars : 3.
1:44 of 2nd period - Sidney Crosby wins face-off versus John Tavares in neutral zone.
2:23 of 2nd period - Evgeni Malkin is hit by Antoine Vermette.
2:55 of 2nd period - Ted Purcell is hit by Cody Franson and loses puck.
4:45 of 2nd period - Icing by Mark Giordano.
4:46 of 2nd period - Sidney Crosby wins face-off versus Guillaume Latendresse in Senateurs zone.
4:55 of 2nd period - Slapshot by Sidney Crosby.
4:55 of 2nd period - Shot Misses the Net.
4:57 of 2nd period - Snap shot by Jamie Benn.
4:57 of 2nd period - Shot Hit the Post.
6:01 of 2nd period - Snap shot by Sidney Crosby.
6:01 of 2nd period - Stopped by Cory Schneider with a rebound.
6:03 of 2nd period - Slapshot by Carlo Colaiacovo.
6:03 of 2nd period - Stopped by Cory Schneider without a rebound.
6:04 of 2nd period - Evgeni Malkin wins face-off versus Antoine Vermette in Stars zone.
6:05 of 2nd period - Wrist shot by Colby Armstrong.
6:05 of 2nd period - Shot Misses the Net.
6:41 of 2nd period - Snap shot by Daniel Briere.
6:41 of 2nd period - Shot Blocked by Boris Valabik.
7:08 of 2nd period - Minor Penalty to Andrej Sustr for Hooking.
7:09 of 2nd period - John Tavares wins face-off versus Daniel Sedin in Stars zone.
7:43 of 2nd period - Antoine Vermette is hit by Duncan Keith.
8:05 of 2nd period - Cody Franson is hit by Alexander Frolov and loses puck.
9:08 of 2nd period - Penalty to Andrej Sustr is over, Andrej Sustr is back on ice.
9:17 of 2nd period - Snap shot by Cam Atkinson.
9:17 of 2nd period - Shot Misses the Net.
9:19 of 2nd period - Slapshot by Andrej Sustr.
9:19 of 2nd period - Stopped by Roberto Luongo without a rebound.
9:20 of 2nd period - Daniel Briere wins face-off versus Evgeny Grachev in Senateurs zone.
9:57 of 2nd period - Snap shot by Daniel Briere.
9:57 of 2nd period - Stopped by Cory Schneider without a rebound.
9:58 of 2nd period - Antoine Vermette wins face-off versus Evgeni Malkin in Stars zone.
9:58 of 2nd period - Antoine Vermette is hit by Daniel Sedin.
11:32 of 2nd period - Slapshot by Johnny Oduya.
11:32 of 2nd period - Shot Blocked by Cody Franson.
11:34 of 2nd period - Wrist shot by Alex Chiasson.
11:34 of 2nd period - Shot Misses the Net.
11:36 of 2nd period - Slapshot by Jussi Jokinen.
11:36 of 2nd period - Goal by Jussi Jokinen - Senateurs : 2 - Stars : 4.
11:36 of 2nd period - Ondrej Pavelec enters game.
11:37 of 2nd period - John Tavares wins face-off versus Sidney Crosby in neutral zone.
12:46 of 2nd period - Alexander Frolov is hit by Michel Ouellet and loses puck.
13:14 of 2nd period - Minor Penalty to Carlo Colaiacovo for Hooking.
13:15 of 2nd period - Sidney Crosby wins face-off versus Michael Grabner in Senateurs zone.
13:54 of 2nd period - Minor Penalty to Boris Valabik for Holding.
13:55 of 2nd period - Sidney Crosby wins face-off versus John Tavares in Stars zone.
14:08 of 2nd period - Cody Franson is hit by Guillaume Latendresse and loses puck.
14:41 of 2nd period - Slapshot by Nate Prosser.
14:41 of 2nd period - Stopped by Cory Schneider with a rebound.
15:14 of 2nd period - Penalty to Carlo Colaiacovo is over, Carlo Colaiacovo is back on ice.
15:54 of 2nd period - Penalty to Boris Valabik is over, Boris Valabik is back on ice.
16:04 of 2nd period - Boris Valabik is hit by Michel Ouellet and loses puck.
16:25 of 2nd period - Slapshot by Ian White.
16:25 of 2nd period - Stopped by Ondrej Pavelec without a rebound.
16:26 of 2nd period - Antoine Vermette wins face-off versus Daniel Briere in Senateurs zone.
16:27 of 2nd period - Wrist shot by Jussi Jokinen.
16:27 of 2nd period - Shot Blocked by Carlo Colaiacovo.
16:33 of 2nd period - Wrist shot by Alex Chiasson.
16:33 of 2nd period - Shot Misses the Net.
16:35 of 2nd period - Slapshot by Andrej Sustr.
16:35 of 2nd period - Deflect By Alex Chiasson.
16:35 of 2nd period - Stopped by Ondrej Pavelec without a rebound.
16:36 of 2nd period - John Tavares wins face-off versus Daniel Briere in Senateurs zone.
16:45 of 2nd period - Slapshot by Guillaume Latendresse.
16:45 of 2nd period - Stopped by Ondrej Pavelec with a rebound.
16:47 of 2nd period - Snap shot by John Tavares.
16:47 of 2nd period - Stopped by Ondrej Pavelec without a rebound.
16:48 of 2nd period - John Tavares wins face-off versus Sidney Crosby in Senateurs zone.
16:56 of 2nd period - Icing by Cody Franson.
16:57 of 2nd period - Sidney Crosby wins face-off versus John Tavares in Senateurs zone.
17:08 of 2nd period - Snap shot by Sidney Crosby.
17:08 of 2nd period - Shot Blocked by Brian Lee.
17:10 of 2nd period - Snap shot by Jamie Benn.
17:10 of 2nd period - Stopped by Cory Schneider with a rebound.
17:12 of 2nd period - Backhand shot by Dion Phaneuf.
17:12 of 2nd period - Stopped by Cory Schneider without a rebound.
17:13 of 2nd period - Antoine Vermette wins face-off versus Evgeni Malkin in Stars zone.
17:18 of 2nd period - Slapshot by Boris Valabik.
17:18 of 2nd period - Shot Blocked by Cody Franson.
17:28 of 2nd period - Wrist shot by Evgeni Malkin.
17:28 of 2nd period - Stopped by Cory Schneider with a rebound.
18:09 of 2nd period - Slapshot by Brian Lee.
18:09 of 2nd period - Deflect By Jussi Jokinen.
18:09 of 2nd period - Shot Blocked by Ryan Hollweg.
18:09 of 2nd period - Puck is out of play.
18:10 of 2nd period - John Tavares wins face-off versus Sidney Crosby in Senateurs zone.
18:39 of 2nd period - Icing by Cory Emmerton.
18:40 of 2nd period - Cory Emmerton wins face-off versus Evgeni Malkin in Stars zone.
18:55 of 2nd period - B.J. Crombeen is hit by Daniel Sedin and loses puck.
19:28 of 2nd period - Alexander Frolov is hit by Evgeni Malkin and loses puck.
Goals for this period are 0 for Senateurs vs 3 for Stars.
Shots for this period are 7 for Senateurs vs 11 for Stars.
3rd period
0:01 of 3rd period - John Tavares wins face-off versus Sidney Crosby in neutral zone.
0:04 of 3rd period - Phil Kessel is hit by Michael Grabner.
0:55 of 3rd period - Snap shot by Cory Emmerton.
0:55 of 3rd period - Shot Misses the Net.
0:57 of 3rd period - Wrist shot by Cory Emmerton.
0:57 of 3rd period - Stopped by Ondrej Pavelec with a rebound.
0:59 of 3rd period - Backhand shot by Boris Valabik.
0:59 of 3rd period - Stopped by Ondrej Pavelec without a rebound.
1:00 of 3rd period - Sidney Crosby wins face-off versus John Tavares in Senateurs zone.
1:05 of 3rd period - Wrist shot by Phil Kessel.
1:05 of 3rd period - Stopped by Cory Schneider without a rebound.
1:06 of 3rd period - Sidney Crosby wins face-off versus John Tavares in Stars zone.
3:02 of 3rd period - Slapshot by Colby Armstrong.
3:02 of 3rd period - Shot Misses the Net.
3:08 of 3rd period - Slapshot by Johnny Oduya.
3:08 of 3rd period - Deflect By Antoine Vermette.
3:08 of 3rd period - Goal by Antoine Vermette - Senateurs : 2 - Stars : 5.
3:09 of 3rd period - John Tavares wins face-off versus Jamie Benn in neutral zone.
4:41 of 3rd period - Slapshot by John Tavares.
4:41 of 3rd period - Goal by John Tavares - Senateurs : 2 - Stars : 6.
4:42 of 3rd period - John Tavares wins face-off versus Evgeni Malkin in neutral zone.
4:45 of 3rd period - Snap shot by Boris Valabik.
4:45 of 3rd period - Shot Misses the Net.
5:11 of 3rd period - Minor Penalty to Boris Valabik for Hooking.
5:12 of 3rd period - Evgeni Malkin wins face-off versus John Tavares in Stars zone.
5:14 of 3rd period - Backhand shot by Daniel Sedin.
5:14 of 3rd period - Shot Blocked by John Tavares.
5:16 of 3rd period - Backhand shot by Cody Franson.
5:16 of 3rd period - Stopped by Cory Schneider without a rebound.
5:17 of 3rd period - John Tavares wins face-off versus Evgeni Malkin in Stars zone.
7:11 of 3rd period - Penalty to Boris Valabik is over, Boris Valabik is back on ice.
7:36 of 3rd period - Wrist shot by Guillaume Latendresse.
7:36 of 3rd period - Shot Blocked by Cody Franson.
7:38 of 3rd period - Wrist shot by Guillaume Latendresse.
7:38 of 3rd period - Stopped by Ondrej Pavelec without a rebound.
7:39 of 3rd period - Antoine Vermette wins face-off versus Ryan Hollweg in Senateurs zone.
8:08 of 3rd period - Nate Prosser is hit by Andrej Sustr.
9:14 of 3rd period - Minor Penalty to Ryan Hollweg for Interference.
9:15 of 3rd period - John Tavares wins face-off versus Sidney Crosby in Senateurs zone.
9:35 of 3rd period - Icing by Brian Lee.
9:36 of 3rd period - Sidney Crosby wins face-off versus John Tavares in Stars zone.
9:39 of 3rd period - Snap shot by Evgeni Malkin.
9:39 of 3rd period - Shot Misses the Net.
10:07 of 3rd period - Phil Kessel is hit by Brian Lee and loses puck.
11:14 of 3rd period - Penalty to Ryan Hollweg is over, Ryan Hollweg is back on ice.
11:38 of 3rd period - Slapshot by Brian Lee.
11:38 of 3rd period - Stopped by Ondrej Pavelec without a rebound.
11:39 of 3rd period - Evgeni Malkin wins face-off versus Evgeny Grachev in Senateurs zone.
11:44 of 3rd period - Slapshot by Evgeni Malkin.
11:44 of 3rd period - Stopped by Cory Schneider with a rebound.
11:50 of 3rd period - Snap shot by Ted Purcell.
11:50 of 3rd period - Shot Misses the Net.
11:52 of 3rd period - Wrist shot by Cam Atkinson.
11:52 of 3rd period - Shot Blocked by Colby Armstrong.
12:13 of 3rd period - Wrist shot by Daniel Briere.
12:13 of 3rd period - Shot Blocked by Lasse Kukkonen.
12:15 of 3rd period - Wrist shot by Radim Vrbata.
12:15 of 3rd period - Goal by Radim Vrbata - Senateurs : 3 - Stars : 6.
12:16 of 3rd period - John Tavares wins face-off versus Sidney Crosby in neutral zone.
12:22 of 3rd period - Minor Penalty to Jamie Benn for Tripping.
12:23 of 3rd period - John Tavares wins face-off versus Sidney Crosby in Senateurs zone.
12:38 of 3rd period - Slapshot by Guillaume Latendresse.
12:38 of 3rd period - Shot Misses the Net.
12:40 of 3rd period - Snap shot by Michael Grabner.
12:40 of 3rd period - Deflect By John Tavares.
12:40 of 3rd period - Stopped by Ondrej Pavelec without a rebound.
12:41 of 3rd period - Antoine Vermette wins face-off versus Sidney Crosby in Senateurs zone.
12:42 of 3rd period - Snap shot by Alex Chiasson.
12:42 of 3rd period - Stopped by Ondrej Pavelec with a rebound.
12:44 of 3rd period - Backhand shot by Brian Lee.
12:44 of 3rd period - Stopped by Ondrej Pavelec without a rebound.
12:45 of 3rd period - Sidney Crosby wins face-off versus Antoine Vermette in Senateurs zone.
12:54 of 3rd period - Brian Lee is hit by Cody Franson and loses puck.
13:17 of 3rd period - Wrist shot by John Tavares.
13:17 of 3rd period - Goal by John Tavares - Senateurs : 3 - Stars : 7.
13:18 of 3rd period - John Tavares wins face-off versus Sidney Crosby in neutral zone.
13:31 of 3rd period - Wrist shot by Guillaume Latendresse.
13:31 of 3rd period - Shot Misses the Net.
13:33 of 3rd period - Snap shot by Guillaume Latendresse.
13:33 of 3rd period - Stopped by Ondrej Pavelec without a rebound.
13:34 of 3rd period - Evgeni Malkin wins face-off versus Antoine Vermette in Senateurs zone.
13:36 of 3rd period - Minor Penalty to Colby Armstrong for Holding.
13:37 of 3rd period - John Tavares wins face-off versus Sidney Crosby in Senateurs zone.
14:03 of 3rd period - Dion Phaneuf is hit by Brian Lee and loses puck.
15:36 of 3rd period - Penalty to Colby Armstrong is over, Colby Armstrong is back on ice.
15:44 of 3rd period - Wrist shot by Ryan Hollweg.
15:44 of 3rd period - Shot Misses the Net.
15:46 of 3rd period - Slapshot by Ryan Hollweg.
15:46 of 3rd period - Goal by Ryan Hollweg - Senateurs : 4 - Stars : 7.
15:47 of 3rd period - Sidney Crosby wins face-off versus Antoine Vermette in neutral zone.
15:50 of 3rd period - Brian Lee is hit by Sidney Crosby and loses puck.
16:18 of 3rd period - Snap shot by Sidney Crosby.
16:18 of 3rd period - Stopped by Cory Schneider with a rebound.
16:24 of 3rd period - Slapshot by Ian White.
16:24 of 3rd period - Shot Blocked by Duncan Keith.
16:26 of 3rd period - Snap shot by B.J. Crombeen.
16:26 of 3rd period - Stopped by Ondrej Pavelec without a rebound.
16:27 of 3rd period - John Tavares wins face-off versus Evgeni Malkin in Senateurs zone.
16:28 of 3rd period - Slapshot by Guillaume Latendresse.
16:28 of 3rd period - Stopped by Ondrej Pavelec without a rebound.
16:29 of 3rd period - John Tavares wins face-off versus Evgeni Malkin in Senateurs zone.
16:36 of 3rd period - Wrist shot by Evgeni Malkin.
16:36 of 3rd period - Deflect By Daniel Sedin.
16:36 of 3rd period - Shot Misses the Net.
16:36 of 3rd period - Puck is out of play.
16:37 of 3rd period - John Tavares wins face-off versus Colby Armstrong in Stars zone.
16:52 of 3rd period - Slapshot by Colby Armstrong.
16:52 of 3rd period - Deflect By Evgeni Malkin.
16:52 of 3rd period - Shot Misses the Net.
16:52 of 3rd period - Puck is out of play.
16:53 of 3rd period - Antoine Vermette wins face-off versus Sidney Crosby in Stars zone.
17:20 of 3rd period - Cody Franson is hit by Guillaume Latendresse and loses puck.
18:17 of 3rd period - Off-side.
18:18 of 3rd period - Daniel Sedin wins face-off versus John Tavares in neutral zone.
18:21 of 3rd period - Slapshot by Colby Armstrong.
18:21 of 3rd period - Stopped by Cory Schneider with a rebound.
18:23 of 3rd period - Slapshot by Duncan Keith.
18:23 of 3rd period - Stopped by Cory Schneider with a rebound.
18:25 of 3rd period - Slapshot by Duncan Keith.
18:25 of 3rd period - Shot Blocked by John Tavares.
18:27 of 3rd period - Snap shot by Daniel Sedin.
18:27 of 3rd period - Stopped by Cory Schneider without a rebound.
18:28 of 3rd period - John Tavares wins face-off versus Evgeni Malkin in Stars zone.
18:28 of 3rd period - John Tavares is hit by Evgeni Malkin.
18:55 of 3rd period - Slapshot by Evgeni Malkin.
18:55 of 3rd period - Shot Misses the Net.
18:57 of 3rd period - Snap shot by Daniel Sedin.
18:57 of 3rd period - Stopped by Cory Schneider with a rebound.
19:03 of 3rd period - Snap shot by Colby Armstrong.
19:03 of 3rd period - Stopped by Cory Schneider without a rebound.
19:04 of 3rd period - Antoine Vermette wins face-off versus Sidney Crosby in Stars zone.
19:51 of 3rd period - Wrist shot by Stephane Da Costa.
19:51 of 3rd period - Stopped by Cory Schneider with a rebound.
19:53 of 3rd period - Backhand shot by Stephane Da Costa.
19:53 of 3rd period - Shot Blocked by Brian Lee.
19:55 of 3rd period - Snap shot by Michel Ouellet.
19:55 of 3rd period - Stopped by Cory Schneider without a rebound.
19:56 of 3rd period - Evgeny Grachev wins face-off versus Sidney Crosby in Stars zone.
Goals for this period are 2 for Senateurs vs 3 for Stars.
Shots for this period are 13 for Senateurs vs 13 for Stars.
Back to the Top